 Dungeon Sprint DCSS version 0.27-a0-592-g0306a34022 (webtiles) character file.

Game seed: 8321803967155836731

147 rocky1 the Arsonist (level 5, 0/57 HPs)
             Began as a Hill Orc Fire Elementalist on Mar 11, 2021.
             Was a Believer of Sif Muna.
             Slain by an ogre
             ... wielding a +0 giant club
              (6 damage)
             ... in the Dungeon (Sprint VII: "The Pits").
             The game lasted 00:04:07 (1072 turns).

rocky1 the Arsonist (Hill Orc Fire Elementalist)    Turns: 1072, Time: 00:04:07

Health: 0/57       AC:  2    Str: 11    XL:     5   Next: 29%
Magic:  6/9        EV: 12    Int: 16    God:    Sif Muna [**....]
Gold:   0          SH:  0    Dex: 11    Spells: 6/10 levels left

rFire    . . .     SeeInvis .   l - +0 hand axe (freeze)
rCold    . . .     Faith    .   (no shield)
rNeg     . . .     Spirit   .   a - +0 robe
rPois    .         Reflect  .   (no helmet)
rElec    .         Harm     .   (no cloak)
rCorr    .         Rampage  .   (no gloves)
Will     .....     NoTele   +   (no boots)
Stlth    ..........             (no amulet)
HPRegen  0.19/turn              (no ring)
MPRegen  0.11/turn              (no ring)

@: berserking (expiring), very slightly contaminated, invisible, very quick
A: no striking features
a: Renounce Religion, Channel Magic


You were in the Dungeon.
You worshipped Sif Muna.
Sif Muna was pleased with you.
You visited 1 branch

Inventory:

Hand Weapons
 b - a +2 hand axe
 l - a +0 hand axe of freezing (weapon)
Armour
 a - a +0 robe (worn)
Scrolls
 h - a scroll of blinking
 j - 5 scrolls of amnesia
 k - a scroll of summoning
Potions
 c - 5 potions of curing
 d - 5 potions of heal wounds
 e - a potion of haste
 f - 4 potions of magic
 g - 2 potions of berserk rage
 i - a potion of invisibility


   Skills:
 - Level 1.5 Dodging
 - Level 1.5 Stealth
 + Level 3.2 Spellcasting
 + Level 3.8 Conjurations
 + Level 9.9 Fire Magic


You had 6 spell levels left.
You knew the following spells:

 Your Spells              Type           Power      Damage    Failure   Level
a - Foxfire               Conj/Fire      96%        2x1d8     1%          1
b - Conjure Flame         Conj/Fire      24%        6-21      3%          3

Your spell library contained the following spells:

 Spells                   Type           Power      Damage    Failure   Level
 Inner Flame              Hex/Fire       18%        N/A       7%          3
 Sticky Flame             Conj/Fire      24%        2d5       11%         4
 Fireball                 Conj/Fire      12%        3d7       28%         5


Dungeon Overview and Level Annotations

Branches:
Dungeon (1/1)

Altars:
Ashenzari
Cheibriados
Dithmenos
Elyvilon
Fedhas
Gozag
Hepliaklqana
Kikubaaqudgha
Makhleb
Nemelex Xobeh
Okawaru
Qazlal
Ru
Sif Muna
Trog
Uskayaw
Vehumet
Wu Jian
Xom
Yredelemnul
Zin
The Shining One
Beogh
Jiyva
Lugonu


Message History

The centaur is moderately wounded.
The ogre shouts!
The jackal barks! x2
The ogre shouts!
The jackal barks!
You hear a bark!
You barely miss the centaur.
The centaur is moderately wounded.
The ogre shouts!
The centaur hits you!
The centaur hits you but does no damage.
You are too injured to fight recklessly!
You are too injured to fight recklessly!
Unknown command.
You barely miss the centaur.
The centaur is moderately wounded.
The ogre shouts!
The jackal barks!
You hear a bark!
The centaur hits you!
* * * LOW HITPOINT WARNING * * *
You slash the centaur! You freeze the centaur.
The centaur is severely wounded.
You barely miss the ogre. The centaur closely misses you.
The ogre barely misses you. The centaur hits you!
* * * LOW HITPOINT WARNING * * *
You strike the helpless centaur from behind!
You slash the centaur! You freeze the centaur.
You kill the centaur!
Sif Muna accepts your kill.
You barely miss the ogre.
The jackal barks! x2
Your Spellcasting skill gained 2 levels and is now at level 3!
Your Conjurations skill gained 2 levels and is now at level 3!
You have reached level 5!
You feel stronger.
You barely miss the ogre.
The jackal barks! x2
The ogre barely misses you.
Unknown command.
You hit the ogre. You freeze the ogre.
The ogre is lightly wounded.
The jackal barks! x2
The ogre hits you with a +0 giant club.
You die...

#.#.)#####'#####'#
#.#))#.....##.....
#.#))#..†..##.....
#.#..###'####.....
#.##'#...†.##...<.
#.#........##.....
#.#........##.....
#'###########.....
#@O.h...# ######
#.)..5..#
#h..#Z..# #..##
..# #.Z. .# #....
# #.... ######


You could see an ogre, a quasit, an adder zombie (wandering), 2 jackals and an
adder skeleton (wandering).

Vanquished Creatures
  A centaur (D)
  A worker ant (D)
  A gnoll (D)
  An adder (D)
  A river rat (D)
  An ooze (D)
  A leopard gecko (D)
  A ball python (D)
  A frilled lizard (D)
  A kobold (D)
10 creatures vanquished.

Vanquished Creatures (others)
  31 foxfires (D)
31 creatures vanquished.

Grand Total: 41 creatures vanquished

Notes
Turn   | Place    | Note
-------+----------+-------------------------------------------
     0 | D        | rocky1 the Hill Orc Fire Elementalist began the quest for
                  | the Orb.
     0 | D        | Reached XP level 1. HP: 14/14 MP: 3/3
    45 | D        | Found a bloodstained altar of Trog.
    45 | D        | Found a shimmering blue altar of Sif Muna.
    45 | D        | Found a viscous altar of Jiyva.
    45 | D        | Found a hazy altar of Hepliaklqana.
    45 | D        | Found an opulent altar of Gozag.
    46 | D        | Found a glowing golden altar of the Shining One.
    46 | D        | Found a glowing silver altar of Zin.
    46 | D        | Found a basalt altar of Yredelemnul.
    46 | D        | Found a shimmering altar of Xom.
    46 | D        | Found an ornate altar of the Wu Jian Council.
    46 | D        | Found a sacrificial altar of Ru.
    46 | D        | Found a stormy altar of Qazlal.
    46 | D        | Found an iron altar of Okawaru.
    46 | D        | Found a sparkling altar of Nemelex Xobeh.
    46 | D        | Found a burning altar of Makhleb.
    46 | D        | Found a blossoming altar of Fedhas.
    46 | D        | Found a white marble altar of Elyvilon.
    46 | D        | Found a shadowy altar of Dithmenos.
    46 | D        | Found a snail-covered altar of Cheibriados.
    49 | D        | Found a corrupted altar of Lugonu.
    49 | D        | Found a radiant altar of Vehumet.
    49 | D        | Found a roughly hewn altar of Beogh.
    50 | D        | Found an ancient bone altar of Kikubaaqudgha.
    50 | D        | Found a hide-covered altar of Uskayaw.
    50 | D        | Found a broken altar of Ashenzari.
    51 | D        | Became a worshipper of Sif Muna the Loreminder
    67 | D        | Reached skill level 5 in Fire Magic
    67 | D        | Reached XP level 2. HP: 10/20 MP: 0/4
    94 | D        | HP: 1/20 [poisoned by an adder]
   513 | D        | Reached skill level 6 in Fire Magic
   709 | D        | Reached * piety under Sif Muna
   710 | D        | Reached skill level 8 in Fire Magic
   710 | D        | Reached XP level 3. HP: 17/26 MP: 0/5
   918 | D        | Learned a level 3 spell: Conjure Flame
   947 | D        | Reached ** piety under Sif Muna
   948 | D        | Reached XP level 4. HP: 28/33 MP: 1/6
   997 | D        | Reached skill level 9 in Fire Magic
  1060 | D        | Noticed a centaur
  1064 | D        | Noticed an ogre
  1070 | D        | Killed a centaur
  1071 | D        | Reached XP level 5. HP: 5/38 MP: 6/9
  1072 | D        | Slain by an ogre

Illustrated notes

Levels and vault maps discovered:
D:        pitsprint [storerooms_1, entrance_room_1, metal_vault_3, armoury_1,
          mini_pit_1, grid_room_1, main_hall_1, silver_pit, the_coven_1,
          the_vestibule_1, steel_vault_3, golden_pit, hallway_of_sentries,
          crystal_vault_2, iron_vault_1, final_vault]

Skill      XL: |  1  2  3  4 |
---------------+-------------+-----
Fire Magic     | 5 8 9 |  9.9
Spellcasting   | 3 |  3.2
Conjurations   | 3 |  3.8
Dodging        | |  1.5
Stealth        | |  1.5

Action                   |  1- 3 |  4- 6 || total
-------------------------+-------+-------++-------
Melee: Hand axe          |     9 |     9 ||    18
 Cast: Foxfire           |    17 |     2 ||    19
  Use: Potion            |     2 |     2 ||     4
 Stab: Invisible         |       |     1 ||     1
Armor: Robe              |     1 |     1 ||     2
Dodge: Dodged            |    11 |     5 ||    16

Table legend: (Time is in decaauts)
 A = Elapsed time spent in this place.
 B = Non-inter-level travel time spent in this place.
 C = Inter-level travel time spent in this place.
 D = Time resting spent in this place.
 E = Time spent auto-exploring this place.
 F = Levels seen in this place.
 G = Mean time per level.
                   A        B        C        D        E       F      G
               +--------+--------+--------+--------+--------+-----+--------+
         Total |   1072 |   1072 |      0 |    856 |      0 |   1 | 1072.0 |
       Dungeon |   1072 |   1072 |      0 |    856 |      0 |   1 | 1072.0 |
               +--------+--------+--------+--------+--------+-----+--------+

Top non-repeatable levels by time:
       D: 1072 daAuts
